 Dungeon Crawl Stone Soup version 0.28-a0-1143-gcf6077d4cc (webtiles) character file.

Game seed: 14023954423652243267

2 spaghetti the Sneak (level 1, -2/18 HPs)
             Began as a Mummy Delver on Dec 14, 2021.
             Killed from afar by an orc wizard (10 damage)
             ... with a puff of flame
             ... on level 8 of the Dungeon.
             The game lasted 00:00:34 (190 turns).

spaghetti the Sneak (Mummy Delver)                   Turns: 190, Time: 00:00:34

Health: -2/18      AC:  4    Str: 15    XL:     1   Next: 25%
Magic:  1/1        EV: 11    Int:  9    God:
Gold:   0          SH:  0    Dex: 13    Spells: 0/0 levels left

rFire   x . .      SeeInvis .   a - +0 falchion {long}
rCold   + . .      Faith    .   (no shield)
rNeg    + + +      Spirit   .   b - +0 leather armour
rPois   ∞          Reflect  .   (no helmet)
rElec   .          Harm     .   g - +0 cloak
rCorr   .          Rampage  .   (no gloves)
Will    .....                   (no boots)
Stlth   +.........              (no amulet)
HPRegen 0.06/turn               (no ring)
MPRegen 0.07/turn               (no ring)

@: confused
A: cold resistance 1, negative energy resistance 3, torment resistance 2, heat
vulnerability 1, no potions
a: no special abilities


You were on level 8 of the Dungeon.
You visited 1 branch of the dungeon, and saw 4 of its levels.


Innate Abilities, Weirdness & Mutations

You are immune to poison.
Your flesh is cold resistant. (rC+)
You are immune to negative energy. (rN+++)
You are immune to unholy pain and torment.
You are vulnerable to heat. (rF-)
You do not drink.


   Skills:
 - Level 3.0 Fighting
 - Level 1.5 Long Blades
 - Level 1.5 Dodging
 + Level 4.2 Stealth


You couldn't memorise any spells.
You didn't know any spells.
Your spell library was empty.

Inventory:

Hand Weapons
 a - a +0 falchion (weapon) {long}
Missiles
 h - 20 stones (quivered) {throwing}
Armour
 b - a +0 leather armour (worn)
 g - a +0 cloak (worn)
   (You found it on level 7 of the Dungeon)
Wands
 f - a wand of digging (3)
Scrolls
 c - a scroll of fog
 d - a scroll of magic mapping {!r}
 e - a scroll of fear

Dungeon Overview and Level Annotations

Branches:
Dungeon (8/15)
 Temple: D:4-7         Lair: D:8-11

Altars:

..##. ###....## ..
.(..?.... ..#
#...#..## #..#. .
..$.(.####.....
...##...........##
..................
#.@?o.##..# #
#....##......###
##.## ....##.
##.......#......
..# #.
###{####.#...... .
..
#..y####y..y....
##
#.<..).ggoy...g.
##########.....g
..... ####


You could see an orc wizard.


Message History

There is a stone staircase leading up here.
You climb upwards.
There is a stone staircase leading down here.
Unknown command.
Unknown command.
You climb downwards.
There is a stone staircase leading up here.
g - a +0 cloak You start putting on your armour.
You continue putting on your +0 cloak. x4
You finish putting on your +0 cloak.
Unknown command.
h - 20 stones {throwing}
Found a stone staircase leading down and a stone staircase leading up.
(D) Dungeon
Where to? (Enter - D:6, ? - help)
There is a stone staircase leading down here.
You climb downwards.
There is a stone staircase leading up here.
An orc is nearby!
Unknown command.
An orc is nearby!
The orc wizard shouts!
You hit the orc. The orc closely misses you.
You barely miss the orc.
A gnoll sergeant comes into view. It is wielding a +0 spear.
A killer bee comes into view.
The orc hits you but does no damage.
The killer bee buzzes angrily.
You slash the orc!
You kill the orc!
A gnoll comes into view. It is wielding a +0 flail.
The orc wizard closely misses you.
The gnoll moves out of view.
You closely miss the orc wizard.
A killer bee comes into view. x2
The orc wizard hits you with a +0 dagger. 😕 HP[-1]
You take 1 damage, and now have 17/18 hp.
You closely miss the orc wizard.
A killer bee comes into view.
A bullfrog comes into view.
The orc wizard mumbles some strange words.
The orc wizard flickers and vanishes!
Deactivating autopickup; reactivate with Ctrl-A.
The orc wizard barely misses you.
You completely miss the orc wizard.
A killer bee comes into view.
The orc wizard gestures at you while chanting.
You are confused.
The killer bee moves out of view.
You are too confused! 😎 HP[+1]
Your hp is fully restored (18).
Unknown command.
The orc wizard points at you and mumbles some strange words.
The magic dart hits you! 😮 HP[-7]
You take 7 damage, and now have 11/18 hp.
MASSIVE DAMAGE!! (PAUSE) Unknown command.
You are too confused!
You can't drink.
You are too confused!
Unknown command.
Unknown command.
Unknown command.
Unknown command.
Unknown command.
Unknown command.
Unknown command.
The orc wizard hits you with a +0 dagger.
* * * LOW HITPOINT WARNING * * *
😨 HP[-3]
You take 3 damage, and now have 8/18 hp.
Unknown command.
Unknown command.
Unknown command.
Unknown command.
You are too confused!
Unknown command.
Unknown command.
Unknown command.
Unknown command.
You're too confused to move!
The orc wizard mumbles some strange words.
The orc wizard flickers and vanishes!
Unknown command.
Unknown command.
Unknown command.
Unknown command.
You feel less confused.
You hear some strange, mumbled words.
You are confused.
You see here a scroll labelled NUVOINUPTA.
Unknown command.
Unknown command.
Unknown command.
Unknown command.
A puff of flame appears from out of thin air!
The puff of flame hits you! The fire burns you terribly!
Ouch! That really hurt!
You die...

Action                   || total
-------------------------++-------
Melee: Falchion          ||     6
  Use: Scroll            ||     1
Armor: Leather armour    ||     1
Dodge: Dodged            ||     3

Levels and vault maps discovered:
D:5:      layout_loops_ring, temple_statues
D:6:      layout_basic, uniq_menkaure
D:7:      layout_loops_cross, uniq_prince_ribbit1, uniq_maggie, uniq_joseph
D:8:      layout_rooms

Notes
Turn   | Place    | Note
-------+----------+-------------------------------------------
     0 | D:5      | spaghetti the Mummy Delver began the quest for the Orb.
     0 | D:5      | Reached XP level 1. HP: 18/18 MP: 1/1
     0 | D:5      | magus.rc [v1.9.6]
     9 | D:6      | Noticed a scorpion
    75 | D:8      | Noticed an orc wizard
    75 | D:8      | Noticed an orc wizard
    75 | D:8      | Noticed an orc wizard
   178 | D:8      | Noticed a gnoll sergeant
   178 | D:8      | Noticed a killer bee
   180 | D:8      | Noticed a killer bee
   180 | D:8      | Noticed a killer bee
   181 | D:8      | Noticed a killer bee
   181 | D:8      | Noticed a bullfrog
   182 | D:8      | Noticed a killer bee
   190 | D:8      | Killed from afar by an orc wizard

Vanquished Creatures
  An orc (D:8)
1 creature vanquished.

Table legend:
 A = Non-vault XP
 B = Vault XP
 C = Vault XP percentage of total XP
 D = Non-vault monster count
 E = Vault monster count
 F = Vault count percentage of total count
                 A         B        C        D         E       F
            +---------+---------+-------+---------+---------+-------
      Total |       3 |       0 |   0.0 |       1 |       0 |   0.0
            +---------+---------+-------+---------+---------+-------
        D:8 |       3 |       0 |   0.0 |       1 |       0 |   0.0
            +---------+---------+-------+---------+---------+-------

Illustrated notes

Table legend:
 A = Kills in this place as a percentage of kills in entire the game.
 B = Kills by you in this place as a percentage of kills by you in the entire game.
 C = Kills by friends in this place as a percentage of kills by friends in the entire game.
 D = Other kills in this place as a percentage of other kills in the entire game.
 E = Experience gained in this place as a percentage of experience gained in the entire game.
 F = Experience gained in this place divided by the number of levels of this place that you have seen.
                   A       B       C       D       E      F
               +-------+-------+-------+-------+-------+----------------------
         Total | 100.0 | 100.0 |   N/A |   N/A | 100.0 |   0.8
       Dungeon | 100.0 | 100.0 |   N/A |   N/A | 100.0 |   0.8
               +-------+-------+-------+-------+-------+----------------------

Table legend: (Time is in decaauts)
 A = Elapsed time spent in this place.
 B = Non-inter-level travel time spent in this place.
 C = Inter-level travel time spent in this place.
 D = Time resting spent in this place.
 E = Time spent auto-exploring this place.
 F = Levels seen in this place.
 G = Mean time per level.
                   A        B        C        D        E       F      G
               +--------+--------+--------+--------+--------+-----+--------+
         Total |    192 |    176 |     16 |      0 |    131 |   4 |   48.0 |
       Dungeon |    192 |    176 |     16 |      0 |    131 |   4 |   48.0 |
               +--------+--------+--------+--------+--------+-----+--------+

Top non-repeatable levels by time:
     D:7: 155 daAuts
     D:8: 19 daAuts
     D:6: 16 daAuts
     D:5: 1 daAuts
